 Dungeon Crawl Stone Soup version 0.28-a0-422-gd71735cc25 (webtiles) character file.

Game seed: 18370297708294439156

158 Rennog the Magician (level 5, -7/28 HPs)
             Began as a Deep Elf Fire Elementalist on Sept 8, 2021.
             Killed by divine providence
             ... invoked by an orc priest
              (8 damage)
             ... on level 4 of the Dungeon.
             The game lasted 00:04:17 (3689 turns).

Rennog the Magician (Deep Elf Fire Elementalist)    Turns: 3689, Time: 00:04:18

Health: -7/28      AC:  2    Str:  5    XL:     5   Next: 16%
Magic:  5/15       EV: 13    Int: 21    God:
Gold:   138        SH:  0    Dex: 15    Spells: 12/15 levels left

rFire   . . .      SeeInvis .   (no weapon)
rCold   . . .      Faith    .   (no shield)
rNeg    . . .      Spirit   .   a - +0 robe
rPois   .          Reflect  .   (no helmet)
rElec   .          Harm     .   (no cloak)
rCorr   .          Rampage  .   (no gloves)
Will    .....                   (no boots)
Stlth   ++........              (no amulet)
HPRegen 0.09/turn               (no ring)
MPRegen 0.14/turn               (no ring)

@: no status effects
A: no striking features
a: no special abilities


You were on level 4 of the Dungeon.
You visited 1 branch of the dungeon, and saw 4 of its levels.

You collected 138 gold pieces.

Inventory:

Armour
 a - a +0 robe (worn)
Scrolls
 b - 3 scrolls of fear {unknown}
 d - 4 scrolls of identify {unknown}
 i - a scroll of vulnerability {unknown}
 j - a scroll of teleportation {unknown}
 l - a scroll of holy word {unknown}
Potions
 c - a potion of might {unknown}
 e - a potion of invisibility {unknown}
 f - 2 potions of curing {unknown}
 g - a potion of flight {unknown}
 h - a potion of attraction {unknown}
 k - a potion of cancellation {unknown}


   Skills:
 + Level 3.5 Dodging
 - Level 2.9 Stealth
 * Level 5.5 Spellcasting
 - Level 2.0 Conjurations
 - Level 3.9 Fire Magic


You had 12 spell levels left.
You knew the following spells:

 Your Spells              Type           Power      Damage    Failure   Level
a - Foxfire               Conj/Fire      72%        2x1d7     3%          1
b - Scorch                Fire           44%        2d7       3%          2

Your spell library contained the following spells:

 Spells                   Type           Power      Damage    Failure   Level
 Conjure Flame            Conj/Fire      18%        6-21      9%          3
 Pain                     Necr           20%        1d5       11%         1
 Summon Small Mammal      Summ           20%        N/A       11%         1
 Inner Flame              Hex/Fire       14%        N/A       14%         3
 Ensorcelled Hibernation  Hex/Ice        10%        N/A       16%         2
 Call Canine Familiar     Summ           5%         N/A       30%         3
 Spider Form              Tmut/Pois      2%         N/A       30%         3
 Summon Guardian Golem    Hex/Summ       5%         N/A       30%         3
 Flame Wave               Conj/Fire      18%        3d5       30%         4
 Agony                    Necr           5%         N/A       96%         5
 Excruciating Wounds      Necr           2%         N/A       96%         5


Dungeon Overview and Level Annotations

Branches:
Dungeon (4/15)
 Temple: D:4-7

Altars:

Shops:
D:1 [


Message History

The iguana is heavily wounded.
The iguana's fire resistance burns away.
The iguana closely misses you.
Casting: Scorch (safe; 3% risk of failure)
Confirm with . or Enter, or press ? or * to list all spells.
Flames lash the iguana.
The iguana is burned terribly!
You kill the iguana!
You have reached level 5!
You conjure some foxfire!
You conjure some foxfire!
The foxfire hits the quokka.
The quokka is lightly wounded.
The foxfire hits the quokka.
You kill the quokka!
You conjure some foxfire!
Your foxfire dissipates! x2
Your foxfire dissipates! x2
An orc comes into view. It is wielding a +0 short sword.
An orc is nearby!
You conjure some foxfire!
The orc throws a boomerang.
The boomerang hits you.
You are too injured to fight recklessly!
You are too injured to fight recklessly!
You are too injured to fight recklessly!
Casting: Foxfire (safe; 3% risk of failure)
Confirm with . or Enter, or press ? or * to list all spells.
You conjure some foxfire!
An orc priest comes into view. It is wielding a +0 mace.
Your foxfire dissipates!
The foxfire hits the orc.
The orc is lightly wounded.
Your foxfire dissipates!
The foxfire hits the orc.
The orc is severely wounded.
The orc throws a boomerang.
The boomerang misses you.
The orc priest mumbles some strange prayers to Beogh against you.
Beogh smites you!
* * * LOW HITPOINT WARNING * * *
The orc priest looks encouraged for a moment.
The orc priest calls down the wrath of Beogh upon you.
Beogh smites you!
You die...

#########
.####.......#####
........#.......#
..###.#.†.......#
# ##).....o@#
###..#...#
#..>.....#
.....o..#.#
###...#.##.#
#.....# # ##.#.##
.###


You could see an orc priest and an orc.

Vanquished Creatures
  An iguana (D:4)
  A gnoll (D:1)
  4 adders
  4 worms
  4 dart slugs
  An orc (D:4)
  8 ball pythons
  3 bats
  3 endoplasms
  2 giant cockroaches
  5 goblins
  9 hobgoblins
  5 quokkas
  8 frilled lizards
  4 kobolds (D:2)
  5 rats
67 creatures vanquished.

Vanquished Creatures (collateral kills)
  2 foxfires (D:1)
2 creatures vanquished.

Vanquished Creatures (others)
  334 foxfires
334 creatures vanquished.

Grand Total: 403 creatures vanquished

Notes
Turn   | Place    | Note
-------+----------+-------------------------------------------
     0 | D:1      | Rennog the Deep Elf Fire Elementalist began the quest for
                  | the Orb.
     0 | D:1      | Reached XP level 1. HP: 10/10 MP: 6/6
   199 | D:1      | Reached XP level 2. HP: 15/15 MP: 4/8
   205 | D:1      | Learned a level 2 spell: Scorch
   376 | D:1      | Found Haer Lim's Antique Armour Boutique.
  1001 | D:1      | Found a faded altar of an unknown god.
  1014 | D:1      | Reached XP level 3. HP: 19/19 MP: 7/10
  1408 | D:2      | Reached skill level 4 in Spellcasting
  1663 | D:2      | Reached XP level 4. HP: 24/24 MP: 7/12
  2928 | D:3      | Reached skill level 5 in Spellcasting
  3664 | D:4      | Reached XP level 5. HP: 15/28 MP: 6/15
  3685 | D:4      | HP: 1/28 [orc priest/divine providence (13)]
  3689 | D:4      | Killed from afar by an orc priest

Illustrated notes

Levels and vault maps discovered:
D:1:      minmay_arrival_nine_rooms, layout_basic,
          hellmonk_ecumenical_altar_inner_sanctum, serial_shops,
          nicolae_shop_overgrown_old_shop
D:2:      layout_basic, minmay_nonomino_d4
D:3:      layout_basic
D:4:      layout_loops_cross, grunt_ministairs_15, minmay_misc_feat_cross,
          corexii_leaking_fountain

Skill      XL: |  1  2  3  4 |
---------------+-------------+-----
Conjurations   | 2 |  2.0
Spellcasting   | 4 5 |  5.5
Dodging        | 3 |  3.5
Stealth        | |  2.9
Fire Magic     | |  3.9

Action                   |  1- 3 |  4- 6 || total
-------------------------+-------+-------++-------
 Cast: Foxfire           |    89 |   122 ||   211
       Scorch            |     3 |     2 ||     5
Armor: Robe              |     1 |       ||     1
Dodge: Dodged            |     7 |     3 ||    10

Table legend: (Time is in decaauts)
 A = Elapsed time spent in this place.
 B = Non-inter-level travel time spent in this place.
 C = Inter-level travel time spent in this place.
 D = Time resting spent in this place.
 E = Time spent auto-exploring this place.
 F = Levels seen in this place.
 G = Mean time per level.
                   A        B        C        D        E       F      G
               +--------+--------+--------+--------+--------+-----+--------+
         Total |   3688 |   3593 |     95 |      0 |   3228 |   4 |  922.0 |
       Dungeon |   3688 |   3593 |     95 |      0 |   3228 |   4 |  922.0 |
               +--------+--------+--------+--------+--------+-----+--------+

Top non-repeatable levels by time:
     D:3: 1374 daAuts
     D:1: 1128 daAuts
     D:2: 1102 daAuts
     D:4: 82 daAuts
